 Dungeon Crawl Stone Soup version 0.30-a0-808-g6e0788376e (webtiles) character file.

Game seed: 2039270625193417744

100 jlumianski the Trooper (level 4, -5/37 HPs)
             Began as a Demonspawn Fighter on Feb 26, 2023.
             Slain by an orc priest
             ... wielding a +0 flail
              (7 damage)
             ... on level 3 of the Dungeon.
             The game lasted 00:09:25 (2021 turns).

jlumianski the Trooper (Demonspawn Fighter)         Turns: 2021, Time: 00:09:26

Health: -5/37      AC: 15    Str: 19    XL:     4   Next: 46%
Magic:  4/4        EV:  1    Int:  9    God:
Gold:   190        SH:  4    Dex: 12    Spells: 3/3 levels left

rFire   + . .      SeeInvis .    a - +0 war axe
rCold   + . .      Faith    .    c - +0 buckler
rNeg    . . .      Spirit   .    i - +0 gold dragon scales
rPois   +          Reflect  .    e - +0 helmet
rElec   .          Harm     .    (no cloak)
rCorr   +          Rampage  .    (no gloves)
Will    .....                    (no boots) Stlth
                                 (no amulet)
HPRegen 0.26/turn                s - ring of resist corrosion
MPRegen 0.09/turn                (no ring)

@: no status effects
A: rugged brown scales 1, weakness stinger 1, sense surroundings 1
a: no special abilities


You were on level 3 of the Dungeon.
You visited 1 branch of the dungeon, and saw 3 of its levels.

You collected 190 gold pieces.

Inventory:

Hand Weapons
 a - a +0 war axe (weapon)
 m - a +1 whip of venom
Missiles
 k - 48 stones (quivered)
 r - 3 poisoned darts
Armour
 b - a +0 scale mail
 c - a +0 buckler (worn)
 e - a +0 helmet (worn)
 i - +0 gold dragon scales (worn)
Jewellery
 s - a ring of resist corrosion (left hand)
 v - an amulet of magic regeneration
Scrolls
 f - a scroll of enchant weapon {unknown}
 h - 5 scrolls of identify {unknown}
 l - a scroll of noise {unknown}
 o - a scroll of blinking {unknown}
 u - a scroll of vulnerability {unknown}
Potions
 d - a potion of might
 g - a potion of mutation
 j - a potion of cancellation {unknown}
 n - a potion of brilliance {unknown}
 p - a potion of flight {unknown}
 q - 2 potions of heal wounds {unknown}
 t - 2 potions of haste {unknown}
 w - 2 potions of lignification {unknown}


   Skills:
 + Level 3.6 Fighting
 + Level 3.1 Axes
 + Level 3.3 Armour
 + Level 3.0 Shields


You had 3 spell levels left.
You didn't know any spells.
Your spell library was empty.

Dungeon Overview and Level Annotations

Branches:
Dungeon (3/15)

Altars:


Innate Abilities, Weirdness & Mutations

You are partially covered in rugged brown scales. (AC +1, +3% HP)
You have a small tail.
You passively map a small area around you.


Message History

The adder bites you but does no damage. x2
You closely miss the adder.
The adder is heavily wounded.
The adder bites you but does no damage. x2
You hit the adder.
The adder is heavily wounded.
The adder bites you.
You hit the adder.
You kill the adder!
Your Shields skill increases to level 3!
You see here an adder corpse.
HP restored.
An orc is nearby!
The orc shouts!
The orc priest shouts!
You hear a shout!
The orc hits you but does no damage. The orc attacks as you move away!
You block the orc's attack. The orc hits you but does no damage.
The orc priest miscasts a cantrip.
The orc priest invokes the aid of Beogh against you.
Beogh smites you! The orc hits you but does no damage.
You barely miss the orc. You block the orc's attack.
The orc hits you but does no damage.
You slash the orc!
You kill the orc!
You closely miss the orc priest. You tail-slap the orc priest.
The orc priest is lightly wounded.
The orc priest hits you with a +0 flail.
The orc priest mumbles some strange prayers to Beogh against you.
Beogh smites you!
* * * LOW HITPOINT WARNING * * *
You hit the orc priest but do no damage.
The orc priest is lightly wounded.
The orc priest hits you with a +0 flail.
* * * LOW HITPOINT WARNING * * *
It was a potion of mutation.
You feel extremely strange.
You feel a strange attunement to the structure of the dungeons.
The orc priest hits you with a +0 flail!
You die...

*,, * #.....# * #.....#
, #.....# , , .# ,#####
#.....# , , .. #...#
#.....# #.
#...#######.....### ,
.##..#.............)....
...........†............
.....##@#....###.#......
...#..#o#.##.# #.#..####
........#.##.# #.#..# #
*###.#.#......# #.#..# #
* #...#.######....# # ,
#.##........# ###.# #
#.......###.# .
#####.### . #.## .


You could see an orc priest.

Vanquished Creatures
  An iguana (D:2)
  3 adders
  3 dart slugs
  An orc (D:3)
  3 ball pythons
  7 endoplasms
  3 giant cockroaches
  3 goblins
  3 hobgoblins
  A quokka (D:1)
  A bat (D:2)
  5 frilled lizards
  4 kobolds
  4 rats
42 creatures vanquished.

Notes
Turn   | Place    | Note
-------+----------+-------------------------------------------
     0 | D:1      | jlumianski the Demonspawn Fighter began the quest for the
                  | Orb.
     0 | D:1      | Reached XP level 1. HP: 18/18 MP: 1/1
   298 | D:1      | Gained mutation: You are partially covered in rugged brown
                  | scales. (AC +1, +3% HP) [demonic ancestry]
   298 | D:1      | Reached XP level 2. HP: 18/24 MP: 2/2
   841 | D:2      | Gained mutation: You have a small tail. [demonic ancestry]
   841 | D:2      | Reached XP level 3. HP: 28/29 MP: 3/3
  1201 | D:2      | Reached XP level 4. HP: 32/36 MP: 4/4
  2020 | D:3      | HP: 1/37 [orc priest/+0 flail (5)]
  2021 | D:3      | Gained mutation: You passively map a small area around you.
                  | [potion of mutation]
  2021 | D:3      | Slain by an orc priest

Illustrated notes

Levels and vault maps discovered:
D:1:      lemuel_arrival_room, layout_rooms, minmay_crystal_room, st_stairs_3
D:2:      layout_loops_ring, minmay_misc_feat_diagonals, minmay_heptomino_l4
D:3:      layout_basic, nicolae_tso_swordbearing_angel, serial_shops, shop

Skill      XL: |  1  2  3  4 |
---------------+-------------+-----
Axes           | 2 3 |  3.1
Armour         | 3 |  3.3
Shields        | 3 |  3.0
Fighting       | |  3.6

Action                     |  1- 3 |  4- 6 || total
---------------------------+-------+-------++-------
  Melee: War axe           |    88 |    39 ||   127
         Tailslap          |     1 |     3 ||     4
    Use: Potion            |       |     1 ||     1
 Armour: Scale mail        |    16 |       ||    16
         Gold dragon scale |    65 |    39 ||   104
  Dodge: Dodged            |     9 |     2 ||    11
  Block: Buckler           |    13 |    12 ||    25

Table legend: (Time is in decaauts)
 A = Elapsed time spent in this place.
 B = Non-inter-level travel time spent in this place.
 C = Inter-level travel time spent in this place.
 D = Time resting spent in this place.
 E = Time spent auto-exploring this place.
 F = Levels seen in this place.
 G = Mean time per level.
                   A        B        C        D        E       F      G
               +--------+--------+--------+--------+--------+-----+--------+
         Total |   2075 |   2033 |     42 |    174 |    942 |   3 |  691.7 |
       Dungeon |   2075 |   2033 |     42 |    174 |    942 |   3 |  691.7 |
               +--------+--------+--------+--------+--------+-----+--------+

Top non-repeatable levels by time:
     D:2: 983 daAuts
     D:1: 741 daAuts
     D:3: 350 daAuts
